[ AOE2 MATCH · #506202707 ]
UnrankedGurjaras vs Magyars
Player's team · WIN
Rival team · LOSS
[ REPLAY ANALYSIS · EXTRACTED FROM THE RECORDED GAME ]
Feudal
10:33
Castle
—
Imperial
—
| APM avg | 83.1 |
| APM peak | 119 |
| eAPM avg | 29.1 |
| Villagers / military | 43 / 22 |
Focus
⚔️ 24.0% · 🌾 76.0%
Archer ×11 · Militia ×5 · Spearman ×5 · Skirmisher ×1
Feudal
8:35
Castle
—
Imperial
—
| APM avg | 80.5 |
| APM peak | 118 |
| eAPM avg | 32.6 |
| Villagers / military | 43 / 14 |
Focus
⚔️ 18.7% · 🌾 81.3%
Skirmisher ×9 · Scout Cavalry ×5
Match map
Initial resources + every placement click. Lines = walls · curves = elevation contours. ◆ gold · ⬟ stone · ● berries · ✦ relic · ◌ wall gap
Your base· Open — unwalled flank
Swareee's base· Open — unwalled flank
Smoothed initial terrain · ◌ = detected wall gap · hover for details
Inputs per minute
— uel - - Swareee
Build order — uel
114 actions detected in the replay
| 0:01 | Queue | Villager (Male) |
| 0:01 | Queue | Villager (Male) |
| 0:01 | Queue | Villager (Male) |
| 0:02 | Build | House |
| 0:04 | Build | House |
| 0:10 | Queue | Villager (Male) |
| 0:10 | Queue | Villager (Male) |
| 0:34 | Build | Mill |
| 1:29 | Queue | Villager (Male) |
| 1:29 | Queue | Villager (Male) |
| 1:51 | Queue | Villager (Male) |
| 1:51 | Queue | Villager (Male) |
| 2:18 | Queue | Villager (Male) |
| 2:33 | Queue | Villager (Male) |
| 3:05 | Queue | Villager (Male) |
| 3:37 | Queue | Villager (Male) |
| 3:37 | Queue | Villager (Male) |
| 3:50 | Build | House |
| 3:51 | Build | House |
| 3:54 | Queue | Villager (Male) |
| 4:24 | Queue | Villager (Male) |
| 4:25 | Queue | Villager (Male) |
| 4:25 | Queue | Villager (Male) |
| 5:01 | Queue | Villager (Male) |
| 5:02 | Build | Barracks |
| 5:13 | Queue | Villager (Male) |
| 5:30 | Build | House |
| 5:35 | Queue | Villager (Male) |
| 6:00 | Queue | Militia |
| 6:00 | Queue | Militia |
| 6:03 | Queue | Villager (Male) |
| 6:18 | Queue | Militia |
| 6:35 | Queue | Villager (Male) |
| 6:46 | Build | Lumber Camp |
| 7:02 | Queue | Villager (Male) |
| 7:34 | Research | Loom |
| 8:23 | Research | Feudal Age |
| 8:31 | Build | Mining Camp |
| 8:47 | Queue | Villager (Male) |
| 9:06 | Build | Farm |
| 9:41 | Queue | Villager (Male) |
| 9:44 | Build | House |
| 9:45 | Build | House |
| 9:56 | Build | Farm |
| 10:33 | Age | Feudal Age |
| 10:35 | Research | Man-at-Arms (upgrade) |
| 10:36 | Research | Man-at-Arms (upgrade) |
| 10:41 | Queue | Villager (Male) |
| 10:43 | Build | Archery Range |
| 10:52 | Research | Double-Bit Axe |
| 10:53 | Research | Double-Bit Axe |
| 10:54 | Queue | Villager (Male) |
| 11:01 | Queue | Spearman |
| 11:19 | Queue | Militia |
| 11:37 | Queue | Archer |
| 11:38 | Queue | Spearman |
| 11:41 | Queue | Villager (Male) |
| 11:45 | Build | House |
| 12:01 | Queue | Militia |
| 12:02 | Queue | Villager (Male) |
| 12:05 | Build | Lumber Camp |
| 12:14 | Queue | Villager (Male) |
| 12:15 | Build | Farm |
| 12:18 | Build | Farm |
| 12:32 | Queue | Villager (Male) |
| 12:40 | Build | Farm |
| 12:41 | Build | Farm |
| 12:46 | Queue | Archer |
| 12:49 | Queue | Villager (Male) |
| 12:52 | Build | Farm |
| 13:23 | Queue | Villager (Male) |
| 13:25 | Build | Blacksmith |
| 13:42 | Queue | Archer |
| 13:43 | Queue | Spearman |
| 13:55 | Queue | Archer |
| 14:07 | Queue | Villager (Male) |
| 14:09 | Research | Horse Collar |
| 14:24 | Research | Fletching |
| 14:42 | Queue | Spearman |
| 14:46 | Build | Farm |
| 14:48 | Build | Farm |
| 14:48 | Build | Farm |
| 14:48 | Build | Farm |
| 14:49 | Build | Farm |
| 15:07 | Queue | Villager (Male) |
| 15:09 | Build | House |
| 15:10 | Build | House |
| 15:15 | Queue | Villager (Male) |
| 15:25 | Queue | Archer |
| 15:41 | Queue | Villager (Male) |
| 15:42 | Build | Farm |
| 15:44 | Build | Farm |
| 15:46 | Build | Farm |
| 15:50 | Queue | Archer |
| 15:59 | Queue | Archer |
| 16:11 | Queue | Villager (Male) |
| 16:12 | Build | House |
| 16:14 | Build | Palisade Wall |
| 16:20 | Queue | Archer |
| 16:38 | Queue | Villager (Male) |
| 16:41 | Build | Farm |
| 16:46 | Queue | Skirmisher |
| 16:52 | Build | Palisade Wall |
| 16:57 | Queue | Archer |
| 17:19 | Queue | Villager (Male) |
| 17:20 | Build | Stable |
| 17:33 | Queue | Archer |
| 17:45 | Queue | Spearman |
| 17:48 | Queue | Villager (Male) |
| 17:50 | Build | Palisade Wall |
| 18:13 | Queue | Archer |
| 18:16 | Queue | Villager (Male) |
| 18:19 | Build | Farm |
| 18:20 | Build | Farm |
Build order — Swareee
98 actions detected in the replay
| 0:00 | Queue | Villager (Male) |
| 0:01 | Queue | Villager (Male) |
| 0:01 | Build | House |
| 0:02 | Build | House |
| 0:30 | Queue | Villager (Male) |
| 0:38 | Queue | Villager (Male) |
| 1:38 | Queue | Villager (Male) |
| 1:56 | Queue | Villager (Male) |
| 1:56 | Queue | Villager (Male) |
| 2:33 | Queue | Villager (Male) |
| 2:33 | Queue | Villager (Male) |
| 2:35 | Build | Lumber Camp |
| 2:51 | Queue | Villager (Male) |
| 3:08 | Build | House |
| 3:10 | Build | Palisade Wall |
| 3:18 | Queue | Villager (Male) |
| 3:52 | Queue | Villager (Male) |
| 4:02 | Queue | Villager (Male) |
| 5:04 | Queue | Villager (Male) |
| 5:04 | Queue | Villager (Male) |
| 5:50 | Build | Mill |
| 5:53 | Queue | Villager (Male) |
| 6:25 | Research | Feudal Age |
| 6:53 | Research | Loom |
| 6:58 | Queue | Villager (Male) |
| 7:46 | Build | Barracks |
| 8:35 | Age | Feudal Age |
| 8:39 | Build | House |
| 8:47 | Queue | Villager (Male) |
| 8:58 | Queue | Villager (Male) |
| 9:29 | Queue | Villager (Male) |
| 9:41 | Build | Stable |
| 9:45 | Queue | Villager (Male) |
| 9:51 | Queue | Villager (Male) |
| 9:54 | Research | Double-Bit Axe |
| 10:04 | Build | House |
| 10:05 | Build | House |
| 10:16 | Queue | Villager (Male) |
| 10:43 | Queue | Villager (Male) |
| 10:58 | Queue | Villager (Male) |
| 10:58 | Queue | Villager (Male) |
| 11:26 | Build | Palisade Wall |
| 11:27 | Build | Palisade Wall |
| 11:37 | Queue | Villager (Male) |
| 11:54 | Queue | Villager (Male) |
| 12:09 | Build | Farm |
| 12:13 | Build | Farm |
| 12:14 | Build | Farm |
| 12:15 | Build | Farm |
| 12:23 | Build | Farm |
| 12:25 | Build | Farm |
| 12:27 | Build | Farm |
| 12:28 | Build | Farm |
| 12:30 | Build | Farm |
| 12:34 | Queue | Scout Cavalry |
| 12:43 | Build | House |
| 12:45 | Build | Palisade Wall |
| 12:55 | Queue | Villager (Male) |
| 13:03 | Build | Farm |
| 13:27 | Queue | Villager (Male) |
| 13:31 | Queue | Villager (Male) |
| 13:55 | Queue | Villager (Male) |
| 14:00 | Queue | Villager (Male) |
| 14:05 | Queue | Villager (Male) |
| 14:12 | Build | Farm |
| 14:14 | Build | Farm |
| 14:16 | Build | Mining Camp |
| 14:16 | Queue | Villager (Male) |
| 14:23 | Build | Archery Range |
| 14:28 | Build | Farm |
| 14:58 | Queue | Scout Cavalry |
| 15:02 | Build | Farm |
| 15:04 | Queue | Villager (Male) |
| 15:19 | Queue | Scout Cavalry |
| 15:28 | Queue | Skirmisher |
| 15:28 | Queue | Skirmisher |
| 15:38 | Queue | Skirmisher |
| 15:50 | Queue | Villager (Male) |
| 16:01 | Queue | Skirmisher |
| 16:13 | Queue | Skirmisher |
| 16:28 | Build | Archery Range |
| 16:33 | Build | Blacksmith |
| 16:38 | Queue | Villager (Male) |
| 16:39 | Queue | Skirmisher |
| 16:50 | Queue | Villager (Male) |
| 16:52 | Build | Mining Camp |
| 16:54 | Queue | Villager (Male) |
| 17:00 | Queue | Skirmisher |
| 17:00 | Queue | Scout Cavalry |
| 17:14 | Build | House |
| 17:16 | Queue | Villager (Male) |
| 17:28 | Research | Fletching |
| 17:41 | Queue | Scout Cavalry |
| 17:42 | Queue | Skirmisher |
| 18:06 | Queue | Villager (Male) |
| 18:17 | Queue | Villager (Male) |
| 18:19 | Queue | Skirmisher |
| 18:25 | Build | House |
Match timeline
| 3:10 | Swareee · wall_segment Palisade Wall x2 |
| 5:02 | uel · first_building Barracks |
| 7:46 | Swareee · first_building Barracks |
| 8:35 | Swareee · age_up feudal |
| 9:41 | Swareee · first_building Stable |
| 10:33 | uel · age_up feudal |
| 10:43 | uel · first_building Archery Range |
| 11:26 | Swareee · wall_segment Palisade Wall x1 |
| 11:27 | Swareee · wall_segment Palisade Wall x1 |
| 12:45 | Swareee · wall_segment Palisade Wall x3 |
| 14:23 | Swareee · first_building Archery Range |
| 16:14 | uel · wall_segment Palisade Wall x5 |
| 16:52 | uel · wall_segment Palisade Wall x6 |
| 17:20 | uel · first_building Stable |
| 17:50 | uel · wall_segment Palisade Wall x9 |
| 18:36 | Swareee · resign |
[ AI ANALYSIS · 1 CREDIT ]
What really happened in this match?
Wolo.gg analyzes every decision: build order, eco, micro, common mistakes by bracket. Personalized analysis on WhatsApp or Discord in 30 seconds.
Civ guide
Gurjaras
Perfil
Jugador #9754373